 Dungeon Crawl Stone Soup version 0.28-a0-1235-g7c8fac35f0 (webtiles) character file.

Game seed: 4291246957015007635

17836 ReploidZero the Thaumaturge (level 12, -3/75 HPs)
             Began as a Djinni Conjurer on Dec 24, 2021.
             Was an Elder of Hepliaklqana.
             Shot with a bolt by an orc warrior (8 damage)
             ... in a bailey.
             The game lasted 00:52:11 (15402 turns).

ReploidZero the Thaumaturge (Djinni Conjurer)      Turns: 15402, Time: 00:52:12

Health: -3/75      AC:  9    Str:  6    XL:     12   Next: 87%
Gold:   431        EV: 14    Int: 25    God:    Hepliaklqana [****..] SH:  7 Dex: 12

rFire   + + +      SeeInvis +   c - +3 war axe (protect)
rCold   x . .      Faith    .   e - +2 buckler
rNeg    . . .      Spirit   .   u - +0 troll leather armour
rPois   ∞          Reflect  .   C - +1 helmet
rElec   .          Harm     .   p - +2 cloak {Stlth+}
rCorr   .          Rampage  .   (no gloves)
Will    +....                   (boots unavailable)
Stlth   ++........              (no amulet)
HPRegen 1.02/turn               l - ring "Dahig" {rPois rF+ SInv}
MPRegen 0.00/turn               (no ring)

@: flying
A: reduced essence, sickness immunity, fire resistance 2, cold vulnerability 1,
float, innate caster, hp casting, extra vitality 1
a: Renounce Religion, Recall Ancestor, Ancestor Identity, Transference, Idealise


You were in a bailey.
You worshipped Hepliaklqana.
Hepliaklqana was greatly pleased with you.
You visited 2 branches of the dungeon, and saw 13 of its levels.
You also visited: Bailey.

You collected 626 gold pieces.
You spent 195 gold pieces at shops.

Inventory:

Hand Weapons
 c - a +3 war axe of protection (weapon)
 n - the +7 hand axe of a Billion Allies {vorpal, *Slow Int+2 Dex+8 SInv}
   (You found it on level 7 of the Dungeon)

   It inflicts extra damage upon your enemies.
   Int:       It affects your intelligence (+2).
   Dex:       It affects your dexterity (+8).
   SInv:      It lets you see invisible.
   *Slow:     It may slow you when you take damage.
Armour
 e - a +2 buckler (worn)
 p - a +2 cloak of stealth (worn)
 u - a +0 troll leather armour (worn)
 C - a +1 helmet (worn)
Jewellery
 l - the ring "Dahig" (left hand) {rPois rF+ SInv}
   (You found it on level 7 of the Dungeon)

   [ring of see invisible]

   rF:        It protects you from fire.
   rPois:     It protects you from poison.
   SInv:      It lets you see invisible.
Wands
 g - a wand of paralysis (8)
 j - a wand of acid (5)
 o - a wand of polymorph (8)
 r - a wand of iceblast (4)
 z - a wand of flame (2)
Scrolls
 b - 10 scrolls of teleportation
 t - a scroll of enchant armour
 x - 2 scrolls of blinking
Potions
 d - 2 potions of curing
 f - 4 potions of might
 k - a potion of attraction
 m - 3 potions of mutation
 q - a potion of brilliance
 s - a potion of resistance
 A - a potion of flight
 B - a potion of haste


   Skills:
 + Level 6.8 Fighting
 - Level 2.1 Armour
 + Level 7.8 Dodging
 - Level 1.5 Stealth
 - Level 4.0 Shields
 * Level 12.2 Spellcasting
 + Level 5.9 Invocations
 - Level 5.0 Evocations


You had 8 spell levels left.
You knew the following spells:

 Your Spells              Type           Power      Damage    Failure   Level
a - Magic Dart            Conj           100%       1d8       1%          1
b - Searing Ray           Conj           100%       2d8       1%          2
c - Dazzling Flash        Conj/Hex       100%       N/A       1%          3
d - Fulminant Prism       Conj/Hex       33%        3d16      1%          4
e - Iskenderun's Mystic   Conj/Tloc      67%        2d14      1%          4
f - Foxfire               Conj/Fire      100%       2x1d9     1%          1
g - Wereblood             Tmut           67%        N/A       1%          2
h - Conjure Flame         Conj/Fire      67%        6-21      1%          3
i - Summon Guardian Gole  Hex/Summ       67%        N/A       1%          3
j - Cause Fear            Hex            33%        N/A       1%          4
Your spell library was empty.

Dungeon Overview and Level Annotations

Branches:
Dungeon (12/15)            Temple (1/1) D:4            Lair (0/6) D:10
    Orc (0/2) D:10         Bailey (1/1)

Altars:
Ashenzari
Cheibriados
Dithmenos
Elyvilon
Fedhas
Gozag
Hepliaklqana
Kikubaaqudgha
Makhleb
Nemelex Xobeh
Okawaru
Qazlal
Ru
Sif Muna
Trog
Wu Jian
Xom
Yredelemnul
Zin
The Shining One

Shops:
D:3 =   D:6 [   D:9 (

Annotations:
D:10 2 transporters, exclusion: obsidian statue, pokeman's ghost, journeyman DEWz


Innate Abilities, Weirdness & Mutations

Your life essence is reduced to manifest your ancestor. (-10% HP)
You are immune to sickness and miasma.
You are immune to poison.
Your flesh is very heat resistant. (rF++)
You are vulnerable to cold. (rC-)
You float through the air rather than walking.
You learn spells naturally, not from books.
Your magical power is your life essence.
You have superior vitality. (+4 MHP)


Message History

An orc warrior comes into view. It is wielding a +0 arbalest.
An orc warrior comes into view. It is wielding a +0 halberd.
Casting: Iskenderun's Mystic Blast (safe; 1% risk of failure)
Confirm with . or Enter, or press ? or * to list all spells.
You erupt in a blast of force!
The mystic blast hits the orc knight.
The orc knight is severely wounded.
The orc knight is knocked back by the mystic blast.
The orc knight collides with the orc warrior!
The orc warrior is lightly wounded.
Scrimmy Bingus avoids your attack.
* * * LOW HITPOINT WARNING * * *
Scrimmy Bingus hits the orc knight with a +0 flail!
Unknown command.
Casting: Iskenderun's Mystic Blast (safe; 1% risk of failure)
Confirm with . or Enter, or press ? or * to list all spells.
You erupt in a blast of force!
The mystic blast hits the orc warrior!
The orc warrior is almost dead.
The orc warrior is knocked back by the mystic blast.
The mystic blast hits the orc knight.
The orc knight is almost dead.
The orc knight is knocked back by the mystic blast.
Scrimmy Bingus avoids your attack.
* * * LOW HITPOINT WARNING * * *
Scrimmy Bingus barely misses the orc warrior.
The orc warrior shoots a bolt.
The bolt misses you.
Casting: Iskenderun's Mystic Blast (safe; 1% risk of failure)
Confirm with . or Enter, or press ? or * to list all spells.
Okay, then.
Unknown command.
Unknown command.
Aiming: Iceblast
Press: ? - help, Shift-Dir - straight line, f/p - orc knight
Aim: an orc knight, wielding a +0 glaive and wearing a +0 plate armour (almost dead, paralysed, ally target)
The mass of ice explodes!
The iceblast engulfs the orc knight!
You kill the orc knight!
The iceblast engulfs the orc warrior!
The orc warrior is severely wounded.
Scrimmy Bingus completely misses the orc warrior.
The orc warrior shoots a bolt.
The bolt hits you!
You die...

### ##@## #§∩.#
#.R§#
≈≈o≈≈.)o§§§.≈≈o
≈.oo≈.)§§§§.≈oo
≈≈o≈≈......o≈≈o≈
.≈≈≈..#...#..≈≈≈
.....##...##....
##### ##∩## ####


You could see the friendly Scrimmy Bingus the knight and an orc warrior (ally
target).

Vanquished Creatures
  Erica (D:8)
  2 hydras (D:11)
  4 two-headed ogres
  An orc knight (Bailey)
  A cyclops (D:11)
  Maurice (D:8)
  A kobold demonologist (D:11)
  2 polar bears (D:11)
  Grinder (D:4)
  Prince Ribbit (D:8)
  8 yaks
  3 shadows
  2 wyverns
  Eustachio (D:5)
  3 water moccasins
  5 orc warriors
  A sky beast (D:8)
  An ice beast (D:5)
  2 necrophages
  2 wolves (D:8)
  2 ogres (D:4)
  A bullfrog (D:7)
  A wyvern zombie (D:9)
  A killer bee (D:8)
  3 wights (D:7)
  A howler monkey (D:10)
  3 electric eels (D:8)
  4 hounds
  A bullfrog skeleton (D:3)
  2 centaur zombies
  3 centaur skeletons
  2 jellies
  6 orc priests
  3 iguanas
  12 orc wizards
  2 ogre zombies (D:10)
  9 gnolls
  11 adders
  A white imp (D:5)
  4 worms (D:2)
  39 orcs
  4 bats
  7 endoplasms
  2 giant cockroaches (D:1)
  10 goblins
  12 hobgoblins
  5 quokkas
  7 ball pythons
  A frilled lizard (D:2)
  A goblin skeleton (D:10)
  3 goblin zombies (D:10)
  3 hobgoblin zombies (D:10)
  4 kobolds
  13 orc zombies (D:10)
  6 rats
232 creatures vanquished.

Vanquished Creatures (collateral kills)
  A two-headed ogre (D:10)
  A cyclops (D:11)
  3 trolls
  4 wyverns
  A wraith (D:9)
  2 shadows (D:10)
  8 yaks (D:11)
  A basilisk (D:10)
  Grum (D:8)
  2 water moccasins
  7 orc warriors
  A black bear (D:7)
  2 wolves (D:8)
  5 centaurs
  A kobold brigand (D:8)
  2 gnoll sergeants (D:9)
  2 bullfrogs
  3 troll zombies (D:10)
  2 howler monkeys (D:10)
  2 centaur zombies
  A hound (D:7)
  2 orc priests
  An iguana (D:7)
  3 orc wizards
  A killer bee zombie (D:8)
  3 ogre zombies (D:10)
  A gnoll (D:9)
  2 orcs
  A hobgoblin zombie (D:10)
  4 kobolds (D:8)
  2 orc skeletons (D:10)
  2 orc zombies (D:10)
74 creatures vanquished.

Vanquished Creatures (others)
  A knight (D:10)
  An ancestor (D:7)
  481 foxfires
  19 fulminant prisms
  A fungus (D:10)
  13 plants (D:10)
516 creatures vanquished.

Grand Total: 822 creatures vanquished

Notes
Turn   | Place    | Note
-------+----------+-------------------------------------------
     0 | D:1      | ReploidZero the Djinni Conjurer began the quest for the
                  | Orb.
     0 | D:1      | Reached XP level 1. HP: 15/15 MP: 0/0
   395 | D:1      | Reached XP level 2. HP: 16/21 MP: 0/0
   980 | D:1      | Reached XP level 3. HP: 24/25 MP: 0/0
   980 | D:1      | Learned a level 1 spell: Foxfire
  1386 | D:2      | Reached skill level 4 in Spellcasting
  1442 | D:2      | Reached XP level 4. HP: 28/31 MP: 0/0
  2222 | D:2      | Reached XP level 5. HP: 29/35 MP: 0/0
  2222 | D:2      | Learned a level 2 spell: Wereblood
  2791 | D:3      | Reached skill level 5 in Spellcasting
  3191 | D:3      | Found Vutoqer's One-of-a-Kind Rings.
  3841 | D:4      | Reached XP level 6. HP: 37/40 MP: 0/0
  4079 | D:4      | Noticed an ogre
  4082 | D:4      | Noticed Grinder
  4082 | D:4      | Noticed an ogre
  4085 | D:4      | Killed an ogre
  4086 | D:4      | Paralysed by Grinder for 7 turns
  4094 | D:4      | Killed Grinder
  4094 | D:4      | Killed an ogre
  4095 | D:4      | Reached skill level 6 in Spellcasting
  4095 | D:4      | Reached XP level 7. HP: 7/45 MP: 0/0
  4095 | D:4      | Learned a level 3 spell: Conjure Flame
  4128 | D:4      | HP: 3/67 [something (2)]
  4147 | D:4      | Reached skill level 7 in Spellcasting
  4773 | D:4      | Found a staircase to the Ecumenical Temple.
  4784 | Temple   | Entered the Ecumenical Temple
  4985 | Temple   | Became a worshipper of Hepliaklqana the Forgotten
  5012 | D:4      | Reached XP level 8. HP: 49/50 MP: 0/0
  5515 | D:5      | Entered Level 5 of the Dungeon
  5538 | D:5      | Noticed a two-headed ogre
  5540 | D:5      | Noticed Eustachio
  5564 | D:5      | Killed a two-headed ogre
  5565 | D:5      | Reached skill level 8 in Spellcasting
  5570 | D:5      | Killed Eustachio
  5571 | D:5      | Reached XP level 9. HP: 10/55 MP: 0/0
  5571 | D:5      | Learned a level 3 spell: Summon Guardian Golem
  5960 | D:5      | Reached skill level 9 in Spellcasting
  6319 | D:5      | Found a shadowy altar of Dithmenos.
  6732 | D:6      | Reached skill level 1 in Fighting
  6732 | D:6      | Reached skill level 1 in Evocations
  7010 | D:6      | Found Hyohat's Antique Armour Emporium.
  7018 | D:6      | Bought a glowing buckler for 195 gold pieces
  7049 | D:6      | Reached * piety under Hepliaklqana
  7610 | D:6      | Reached skill level 1 in Shields
  8164 | D:7      | Identified the ring "Dahig" {rPois rF+ SInv}
  8850 | D:7      | Identified the +7 hand axe of a Billion Allies {vorpal,
                  | *Slow Int+2 Dex+8 SInv}
  8869 | D:7      | Reached XP level 10. HP: 54/58 MP: 0/0
  9051 | D:7      | Reached ** piety under Hepliaklqana
  9052 | D:7      | Remembered your ancestor Scrimmy Bingus as a knight
  9545 | D:8      | Noticed Erica
  9557 | D:8      | Killed Erica
  9558 | D:8      | Reached skill level 10 in Spellcasting
  9562 | D:8      | Noticed Prince Ribbit
  9821 | D:8      | Killed Prince Ribbit
  9988 | D:8      | Noticed Grum
  9995 | D:8      | Killed Grum
 10222 | D:8      | Reached skill level 1 in Invocations
 10283 | D:8      | Noticed Maurice
 10289 | D:8      | Killed Maurice
 10321 | D:8      | Found a sparkling altar of Nemelex Xobeh.
 10341 | D:8      | Found a bloodstained altar of Trog.
 10456 | D:8      | Found a stormy altar of Qazlal.
 10749 | D:8      | Reached XP level 11. HP: 50/63 MP: 0/0
 10749 | D:8      | Learned a level 4 spell: Cause Fear
 11697 | D:9      | Found Sehelygg's Antique Weapon Emporium.
 11716 | D:9      | Reached *** piety under Hepliaklqana
 11841 | D:9      | Reached skill level 5 in Dodging
 11841 | D:9      | Reached skill level 5 in Evocations
 12574 | D:10     | Entered Level 10 of the Dungeon
 12574 | D:10     | Noticed a two-headed ogre
 12578 | D:10     | Killed a two-headed ogre
 12579 | D:10     | Reached skill level 11 in Spellcasting
 12892 | D:10     | Noticed a two-headed ogre
 12902 | D:10     | Killed a two-headed ogre
 13088 | D:10     | Reached skill level 5 in Fighting
 13516 | D:10     | Noticed an obsidian statue
 13523 | D:10     | Found a staircase to the Orcish Mines.
 13752 | D:10     | Noticed pokeman's ghost (journeyman DEWz)
 13772 | D:10     | Found a transporter.
 13779 | D:10     | Noticed an ettin
 13781 | D:10     | Found a transporter.
 13810 | D:10     | Found an ornate altar of the Wu Jian Council.
 13876 | D:10     | Found a staircase to the Lair.
 14436 | D:11     | Reached XP level 12. HP: 71/72 MP: 0/0
 14440 | D:11     | Reached skill level 1 in Armour
 14507 | D:11     | Noticed a two-headed ogre
 14515 | D:11     | Killed a two-headed ogre
 14518 | D:11     | Noticed a two-headed ogre
 14526 | D:11     | Killed a two-headed ogre
 14613 | D:11     | Noticed a seven-headed hydra
 14620 | D:11     | Killed a seven-headed hydra
 14621 | D:11     | Reached skill level 5 in Invocations
 14733 | D:11     | Reached **** piety under Hepliaklqana
 14746 | D:11     | Noticed a five-headed hydra
 14754 | D:11     | Killed a five-headed hydra
 14769 | D:11     | Reached skill level 12 in Spellcasting
 15035 | D:11     | Found a bloodstained altar of Trog.
 15347 | D:12     | Found a flagged portal.
 15351 | D:12     | Noticed a skeletal warrior
 15356 | D:12     | Noticed a death knight
 15360 | Bailey   | Entered a bailey
 15402 | Bailey   | Shot with a bolt by an orc warrior

Illustrated notes

Levels and vault maps discovered:
D:1:      elethiomel_arrival_maze, layout_basic
D:2:      layout_basic, grunt_ministairs_13
D:3:      layout_basic, corexii_leaking_fountain, nicolae_shop_unique_rings
D:4:      layout_layer_cave, minmay_temple_entry_offerings, uniq_grinder
D:5:      layout_loops_cross, mainiacjoe_overflow_concentric_impassable,
          uniq_eustachio
D:6:      layout_basic, serial_shops, shop, small_statue_intersection
D:7:      layout_loops_cross, roderic_serpentine_path,
          kennysheep_generic_room_10
D:8:      layout_gridville, mainiacjoe_overflow_alcove_2,
          nicolae_overflow_hidden_temple, serial_glass, glass_columns_b,
          glass_columns_a, glass_columns_c, glass_columns_a, glass_columns_a,
          glass_columns_b, glass_columns_c, glass_columns_c, st_stairs_13,
          kennysheep_diamond, nicolae_elevator_lobby_asterisk, uniq_grum,
          uniq_maurice, uniq_prince_ribbit1, uniq_erica
D:9:      layout_long_grid, serial_shops, nicolae_square_shop
D:10:     layout_roguey, lemuel_tele_altar, minmay_lair_entry_grove,
          zombieorc2_lemuel, gammafunk_ghost_arena, minivault_16
D:11:     minmay_spotlight, layout_basic, trog_ov_bears_minmay
D:12:     layout_long_grid, enter_bailey_5, portal_ice_cave_entry_imps,
          nicolae_water_bricks, grunt_decor_one_mirror, uniq_urug
Temple:   eino_temple_rhombus
Bailey:   bailey_polearm_4, bailey

Skill      XL: |  1  2  3  4  5  6  7  8  9 10 11 12 |
---------------+-------------------------------------+-----
Spellcasting   | 4 5 6 7 8 9 10 11 12 | 12.2
Fighting       | 2 3 5 6 |  6.8
Evocations     | 2 4 5 |  5.0
Dodging        | 3 4 6 7 |  7.8
Shields        | 2 4 |  4.0
Invocations    | 1 4 5 |  5.9
Armour         | 2 |  2.1
Stealth        | |  1.5

Action                   |  1- 3 |  4- 6 |  7- 9 | 10-12 || total
-------------------------+-------+-------+-------+-------++-------
Melee: Unarmed           |       |     1 |       |       ||     1
       Whip              |       |       |    13 |       ||    13
       War axe           |       |       |    30 |    50 ||    80
 Cast: Magic Dart        |    55 |    41 |     3 |       ||    99
       Searing Ray       |       |    12 |    23 |    55 ||    90
       Foxfire           |       |    58 |    64 |   170 ||   292
       Iskenderun's Myst |       |     2 |    12 |    28 ||    42
       Fulminant Prism   |       |       |     5 |    14 ||    19
Invok: Ancestor Identity |       |       |     1 |       ||     1
       Ancestor Life: Kn |       |       |       |     1 ||     1
       Transference      |       |       |       |     2 ||     2
       Recall Ancestor   |       |       |       |     3 ||     3
Evoke: Wand              |       |       |       |    14 ||    14
  Use: Scroll            |       |     4 |     8 |    13 ||    25
       Potion            |       |       |     3 |     5 ||     8
 Stab: Invisible         |       |       |     4 |       ||     4
       Sleeping          |       |       |     1 |     3 ||     4
       Paralysed         |       |       |       |     2 ||     2
Armor: Robe              |       |     6 |    11 |    18 ||    35
       Skin              |       |       |     9 |       ||     9
       Troll leather arm |       |       |       |     7 ||     7
Dodge: Dodged            |     2 |    12 |    44 |    77 ||   135
Block: Buckler           |       |       |     7 |    42 ||    49

Table legend: (Time is in decaauts)
 A = Elapsed time spent in this place.
 B = Non-inter-level travel time spent in this place.
 C = Inter-level travel time spent in this place.
 D = Time resting spent in this place.
 E = Time spent auto-exploring this place.
 F = Levels seen in this place.
 G = Mean time per level.
                   A        B        C        D        E       F      G
               +--------+--------+--------+--------+--------+-----+--------+
         Total |  15440 |  15127 |    313 |      0 |  12968 |  14 | 1102.9 |
       Dungeon |  15179 |  14881 |    298 |      0 |  12795 |  12 | 1264.9 |
        Temple |    218 |    203 |     15 |      0 |    173 |   1 |  218.0 |
        Bailey |     41 |     41 |      0 |      0 |      0 |   1 |   41.0 |
               +--------+--------+--------+--------+--------+-----+--------+

Top non-repeatable levels by time:
     D:8: 1742 daAuts
     D:7: 1591 daAuts
     D:9: 1551 daAuts
     D:6: 1532 daAuts
    D:10: 1475 daAuts
     D:4: 1451 daAuts
     D:1: 1351 daAuts
     D:3: 1321 daAuts
     D:2: 1160 daAuts
     D:5: 1013 daAuts
    D:11: 947 daAuts
  Temple: 218 daAuts
  Bailey: 41 daAuts
    D:12: 40 daAuts
